 Dungeon Crawl Stone Soup version 0.19-a0-1292-g796ee4d (webtiles) character file.

43 Cath the Grave Robber (level 3, -8/19 HPs)
             Began as a Deep Elf Necromancer on Aug 30, 2016.
             Mangled by a gnoll
             ... wielding a +0 spear
              (9 damage)
             ... on level 2 of the Dungeon.
             The game lasted 00:02:24 (1515 turns).

Cath the Grave Robber (Deep Elf Necromancer)        Turns: 1515, Time: 00:02:25

Health: -8/19      AC:  3    Str:  5    XL:     3   Next: 37%
Magic:  5/9        EV: 13    Int: 20    God:
Gold:   59         SH:  0    Dex: 15    Spells: 1 memorised, 7 levels left

rFire  . . .     SeeInvis .     p - +1 dagger (drain)
rCold  . . .     Gourm    .     a - +0 robe
rNeg   . . .     Faith    .     (no shield)
rPois  .         Spirit   .     q - +0 helmet
rElec  .         Dismiss  .     (no cloak)
rCorr  .         Reflect  .     (no gloves)
MR     .....     Harm     .     (no boots)
Stlth  ++........               (no amulet)
                                (no ring)
                                (no ring)

@: very slightly contaminated
A: no striking features
a: no special abilities


You were on level 2 of the Dungeon.
You were hungry.

You visited 1 branch of the dungeon, and saw 2 of its levels.

You collected 59 gold pieces.

Inventory:

Hand Weapons
 p - a +1 dagger of draining (weapon)
Armour
 a - a +0 robe (worn)
 q - a +0 helmet (worn)
Jewellery
 m - an uncursed ring of fire {unknown}
Scrolls
 f - a scroll of noise {unknown}
 g - 4 scrolls of identify {unknown}
 k - a scroll of immolation {unknown}
 n - a scroll of blinking {unknown}
 o - a scroll of random uselessness {unknown}
Potions
 d - 2 potions of mutation {unknown}
 e - a potion of cure mutation {unknown}
 h - a potion of flight {unknown}
Books
 b - a book of Necromancy

   Spells                             Type                      Level
   a - Pain                           Necromancy                   1
   b - Animate Skeleton               Necromancy                   1
   c - Vampiric Draining              Necromancy                   3
   d - Regeneration                   Charms/Necromancy            3
   e - Animate Dead                   Necromancy                   4
   f - Control Undead                 Necromancy                   4
Comestibles
 c - 2 bread rations
 i - 2 slices of pizza
 j - a beef jerky
 l - 2 meat rations


   Skills:
 - Level 2.4 Dodging
 - Level 2.4 Stealth
 + Level 3.3 Spellcasting
 * Level 6.1 Necromancy


You had 7 spell levels left.
You knew the following spells:

 Your Spells              Type           Power        Failure   Level  Hunger
a - Pain                  Necr           ####         1%          1    None


Dungeon Overview and Level Annotations

Branches:
Dungeon (2/15)

Altars:


Message History

Press: ? - help, Shift-Dir - straight line, f - gnoll
Aim: a gnoll, wielding a spear (chance to defeat MR: 89%)
The gnoll writhes in agony!
The gnoll hits you from afar with a spear.
* * * LOW HITPOINT WARNING * * *
Casting: Pain
Confirm with . or Enter, or press ? or * to list all spells.
Aiming: Pain
Press: ? - help, Shift-Dir - straight line, f/p - gnoll
Aim: a gnoll, wielding a spear (moderately wounded, chance to defeat MR: 89%)
You miscast Pain.
You are very lightly contaminated with residual magic.
Nothing appears to happen.
The gnoll hits you from afar with a spear.
* * * LOW HITPOINT WARNING * * *
Found a bread ration.
You see here 11 gold pieces.
There is a stone staircase leading down here.
The gnoll hits you from afar with a spear!
You die...

##%.......#.##)###
#..............#
#..............#
#..............#
#........g.#.###
#..........#..#
#......g.###.#
##.....g..###..### #
#....@$....###.... #
#..........# ###> ##
#..........# #.###.
#..........# #..##.
#..........# ##...)
##........## ###.<÷.#
##......######...÷...
##########......###.
#..........##


You could see 3 gnolls.

Vanquished Creatures
  A gnoll (D:2)
  An adder (D:2)
  A dart slug (D:1)
  2 giant cockroaches
  3 goblins (D:2)
  A hobgoblin (D:2)
  3 jackals (D:1)
  A bat (D:2)
  2 giant newts (D:1)
  3 kobolds
  5 rats
23 creatures vanquished.

Notes
Turn   | Place    | Note
-------+----------+-------------------------------------------
     0 | D:1      | Cath the Deep Elf Necromancer began the quest for the Orb.
     0 | D:1      | Reached XP level 1. HP: 10/10 MP: 6/6
    51 | D:1      | Reached skill level 5 in Necromancy
   768 | D:1      | Reached XP level 2. HP: 15/15 MP: 6/8
  1471 | D:2      | Reached skill level 6 in Necromancy
  1471 | D:2      | Reached XP level 3. HP: 14/19 MP: 5/9
  1515 | D:2      | Mangled by a gnoll

Vault maps used:
D:1:      saegor_arrival_simple_c
D:2:      uniq_iyjb

Skill      XL: |  1  2 |
---------------+-------+-----
Necromancy     | 5 6 |  6.1
Dodging        | |  2.4
Stealth        | |  2.4
Spellcasting   | |  3.3

Action                   || total
-------------------------++-------
 Cast: Pain              ||    41
  Eat: Chunk             ||     1
Armor: Robe              ||     1
Dodge: Dodged            ||     5
